 Dungeon Crawl Stone Soup version 0.17.0-27-g4a3f43e (webtiles) character file.

582765 oplop the Slayer (level 25, -14/249 HPs)
             Began as a Minotaur Berserker on Nov 20, 2015.
             Was the Champion of Qazlal.
             Killed from afar by a fire dragon (22 damage)
             ... with a blast of flame
             ... while paralysed
             ... on level 5 of the Depths on Nov 21, 2015.
             The game lasted 03:03:53 (58804 turns).

oplop the Slayer (Minotaur Berserker)              Turns: 58804, Time: 03:03:53

Health: -14/249    AC: 43    Str: 31    XL:     25   Next: 98%
Magic:  34/34      EV:  2    Int:  6    God:    Qazlal [******]
Gold:   4561       SH:  0    Dex: 16    Spells: 0 memorised, 24 levels left

rFire  + . .     SeeInvis +     G - +9 triple sword (freeze)
rCold  + + .     Clarity  .     H - +9 armour of the Dragon King {rPois rF+ rC+ MR+}
rNeg   . . .     SustAt   .     (shield currently unavailable)
rPois  +         Gourm    .     J - +1 hat {SInv}
rElec  +         Spirit   .     N - +2 cloak {MR+}
rCorr  .         Warding  .     q - +0 pair of gloves {Str+3}
rMut   .         Stasis   .     e - +2 pair of boots {run}
MR     +++..                    L - amulet of Liberalism {Faith rElec}
Stlth  ..........               p - ring of poison resistance
                                h - ring of protection from cold

@: paralysed, protected from physical damage, corroded equipment, fainting,
repel missiles, quick, extremely resistant to hostile enchantments, extremely
unstealthy
A: retaliatory headbutt, claws 1, hooves 2, horns 2, clever 1
a: Upheaval, Elemental Force, Disaster Area, Renounce Religion
}: 3/15 runes: decaying, serpentine, silver


You were on level 5 of the Depths.
You worshipped Qazlal.
Qazlal was exalted by your worship.
You were fainting.

You visited 10 branches of the dungeon, and saw 50 of its levels.
You visited the Abyss 1 time.
You also visited: Ice Cave and Wizlab.

You collected 8001 gold pieces.
You spent 3440 gold pieces at shops.

Inventory:

Hand Weapons
 G - a +9 triple sword of freezing (weapon)
Missiles
 C - 11 poisoned javelins
 E - 7 silver javelins
 O - 9 javelins (quivered)
Armour
 e - a +2 pair of boots of running (worn)
 q - a +0 pair of gloves of strength (worn)
 H - the +9 armour of the Dragon King (worn) {rPois rF+ rC+ MR+}
   (You found it on level 3 of the Elven Halls)

   It protects you from fire.
   It protects you from cold.
   It protects you from poison.
   It affects your resistance to hostile enchantments.
 J - a +1 hat of see invisible (worn)
 N - a +2 cloak of magic resistance (worn)
 X - a +2 hat
Jewellery
 h - a ring of protection from cold (left hand)
 p - a ring of poison resistance (right hand)
 D - an uncursed amulet of resist corrosion
 L - the amulet of Liberalism (around neck) {Faith rElec}
   (You took it off a naga mage on level 3 of the Snake Pit)

   [amulet of faith]

   It allows you to gain divine favour quickly.
   It insulates you from electricity.
 Q - an uncursed ring of protection from magic
Wands
 A - a wand of polymorph (12)
 M - a wand of digging (8)
 Y - a wand of hasting (3)
Scrolls
 b - 16 scrolls of identify
 d - 12 scrolls of immolation
 f - 4 scrolls of recharging
 j - 7 scrolls of teleportation
 r - 9 scrolls of fear
 t - 4 scrolls of blinking
 z - 6 scrolls of enchant weapon
 B - 6 scrolls of enchant armour
 F - 6 scrolls of fog
 K - 18 scrolls of remove curse
 U - 2 scrolls of brand weapon
 W - 4 scrolls of magic mapping
Potions
 a - 6 potions of ambrosia
 g - a potion of heal wounds
 i - 6 potions of resistance
 l - 2 potions of invisibility
 m - 6 potions of cure mutation
 o - 7 potions of flight
 u - 7 potions of curing
 w - 8 potions of haste
 x - 3 potions of berserk rage
 y - a potion of cancellation
 R - 11 potions of agility
 T - 5 potions of might
Books
 v - a book of Necromancy

   Spells                             Type                      Level
   a - Pain                           Necromancy                   1
   b - Animate Skeleton               Necromancy                   1
   c - Vampiric Draining              Necromancy                   3
   d - Regeneration                   Charms/Necromancy            3
   e - Animate Dead                   Necromancy                   4
   f - Control Undead                 Necromancy                   4
Miscellaneous
 k - a disc of storms
 s - a box of beasts {used: 2}
 I - 2 phantom mirrors
 S - a stone of tremors
Comestibles
 c - 19 bread rations
 n - 8 meat rations


   Skills:
 + Level 25.1 Fighting
 - Level 24.7 Long Blades
 - Level 13.9 Throwing
 - Level 22.5 Armour
 - Level 18.3 Dodging
 + Level 16.6 Invocations
 - Level 10.6 Evocations


You had 24 spell levels left.
You didn't know any spells.

Dungeon Overview and Level Annotations

Branches:
Dungeon (15/15)            Temple (1/1) D:7            Lair (8/8) D:9
  Swamp (4/4) Lair:5        Snake (4/4) Lair:6        Slime (0/6) Lair:6
    Orc (4/4) D:9             Elf (3/3) Orc:4        Vaults (5/5) D:13
  Crypt (0/3) Vaults:2     Depths (5/5) D:15            Zot (1/5) Depths:5

Altars:
Ashenzari
Cheibriados
Dithmenos
Elyvilon
Fedhas
Gozag
Kikubaaqudgha
Makhleb
Nemelex Xobeh
Okawaru
Qazlal
Ru
Sif Muna
Trog
Vehumet
Xom
Yredelemnul
Zin
The Shining One
Beogh
Jiyva

Shops:
D:4 [   D:6 (   D:8 ?(!}[   Orc:3 :   Orc:4 [[[(   Elf:1 *   Elf:2 [   Elf:3 %
Vaults:1 }   Depths:4 %

Portals:
Hell: Depths:1 Depths:2 Depths:3 Depths:4 Depths:5
Abyss: Depths:4
Pandemonium: Depths:1 Depths:3
Ziggurat: Depths:3
Trove: Vaults:3 (give +3 gold dragon armour)

Annotations:
D:12 exclusion: hydra
D:14 exclusion: door
Snake:1 exclusion: 2 oklob plants


Innate Abilities, Weirdness & Mutations

You reflexively headbutt those who attack you in melee.
You have a pair of horns on your head.
You have sharp fingernails.
You have hoof-like feet.
Your mind is acute. (Int +2)


Message History

The electric golem hurls lightning at you.
Helpless, you fail to dodge the bolt of lightning.
You resist.
* * * LOW HITPOINT WARNING * * *
The bolt of lightning misses you.
The bolt of lightning misses the electric golem.
Your surroundings seem slightly different.
The green draconian is no longer moving slowly.
The death cob hits you.
You feel slightly more hungry.
The electric golem blinks!
The death cob completely misses you. The death cob hits you!
* * * LOW HITPOINT WARNING * * *
You feel slightly more hungry. The death cob hits you.
* * * LOW HITPOINT WARNING * * *
You feel slightly more hungry. The death cob hits you.
You feel slightly more hungry. The fire dragon breathes flames at you.
Helpless, you fail to dodge the blast of flame.
You resist.
You die...

.##......§.#####.....§).##..#
..#..⌠...###...###...⌠..#..##
#.##.....#.......#.....##.##
#..##§)[#'§..§...+#...##..#
.§..##.)#)...)....#..##..##
#.#..##.#.§.§∩....#..#..##
#.##.##.#...).§d8.#.##.##
..##..####.)...D.####..#
#####..# #..[..z@# #..##
##.#####...#####.## #
#..#..##'##..#..# #
##.##.......##.## #
#..#.......#..# #
##.##..⌠(.##.## #
#..#.....#..#
#########.##...##.##
...........#...#..#


You could see an electric golem, a green draconian, a death cob and a fire
dragon.

Vanquished Creatures
  Mara (Vaults:5)
  A juggernaut (Depths:2)
  Saint Roka (Orc:4)
  A Killer Klown (Depths:5)
  A caustic shrike (Depths:3)
  Nikola (Elf:1)
  Jory (Vaults:2)
  5 golden dragons
  Xtahua (Depths:4)
  2 bone dragons
  8 liches
  Jorgrun (Snake:2)
  5 tentacled monstrosities
  Rupert (Orc:4)
  6 titans
  Asterion (Vaults:2)
  The ghost of Vidiiot the Bludgeoner, an adept FoAE of Okawaru (Depths:1)
  3 deep elf blademasters
  2 quicksilver dragons (Vaults:5)
  A quicksilver dragon (shapeshifter) (Depths:2)
  2 deep elf master archers (Elf:3)
  5 sphinxes
  An octopode crusher (Depths:2)
  A death cob (Depths:5)
  7 shadow dragons
  An eldritch tentacle (Vaults:5)
  3 thorn hunters
  4 storm dragons
  3 tentacled starspawn
  13 tengu reavers
  A draconian monk (Depths:5)
  6 greater nagas
  Roxanne (Elf:1)
  Wiglaf (Vaults:5)
  13 fire giants
  15 frost giants
  Donald (Orc:4)
  16 vault wardens
  Maud (Lair:4)
  2 iron dragons
  2 ghost moths (Depths:5)
  Aizul (Elf:2)
  8 deep elf sorcerers
  A spriggan defender (Depths:5)
  11 very ugly things
  14 ironheart preservers
  A reaper (WizLab)
  3 war gargoyles (Vaults:5)
  43 stone giants
  A draconian caller (Depths:5)
  3 vampire knights
  2 black draconians (Depths:5)
  A lorocyproca (Abyss:1)
  8 deep elf annihilators
  8 deep elf demonologists
  7 salamander stormcallers
  2 yellow draconians (Depths:5)
  3 white draconians (Depths:5)
  A merfolk javelineer (Depths:2)
  Snorg (Orc:3)
  8 deep elf death magi
  26 ettins
  A green death (Abyss:1)
  A minotaur (shapeshifter) (Vaults:4)
  A blizzard demon (WizLab)
  Josephine (Orc:3)
  14 yaktaur captains
  5 rakshasas
  11 fire dragons
  36 vault guards
  2 jiangshi (Depths:5)
  A merfolk impaler (Depths:2)
  Fannar (D:10)
  5 spriggan air magi
  Harold (Lair:2)
  16 great orbs of eyes
  4 deep elf high priests
  22 naga warriors
  7 hydras
  15 ogre magi
  6 entropy weavers
  13 ice dragons
  13 anacondas
  A catoblepas (Lair:8)
  5 centaur warriors
  A ghost crab (shapeshifter) (Vaults:5)
  16 dancing weapons
  4 ghost crabs
  5 tengu warriors
  8 deep troll earth magi
  An alligator (shapeshifter) (Depths:2)
  6 death yaks (Lair:6)
  8 deep troll shamans
  3 vampire magi
  3 thrashing horrors
  4 alligators
  11 shock serpents
  Urug (Lair:2)
  7 naga sharpshooters
  Sonja (D:13)
  7 spriggan berserkers
  Nergalle (D:10)
  12 iron trolls
  7 salamander mystics
  2 wretched stars (Abyss:1)
  28 deep elf knights
  A skeletal warrior (D:13)
  A fire crab (shapeshifter) (Vaults:5)
  A soul eater (WizLab)
  2 ice devils (Abyss:1)
  3 fire crabs
  2 spatial maelstroms (Abyss:1)
  14 hell knights
  3 unseen horrors
  4 shadow wraiths
  7 flayed ghosts
  4 swamp dragons
  A spriggan druid (Swamp:2)
  41 deep trolls
  11 ironbrand convokers
  28 hill giants
  7 giant orange brains
  8 large abominations (Abyss:1)
  7 deep elf summoners
  An obsidian statue (WizLab)
  7 naga ritualists
  A spectral hydra (Swamp:4)
  5 phantasmal warriors
  2 unseen horrors (shapeshifter)
  4 lindwurms (Snake:4)
  22 deep elf conjurers
  2 shambling mangroves (Swamp:2)
  A wolf spider zombie (D:14)
  10 griffons
  19 orc knights
  2 orb spiders (shapeshifter)
  12 necromancers
  4 wizards
  7 orc sorcerers
  5 wolf spiders
  2 sixfirhies (WizLab)
  An anaconda skeleton (Abyss:1)
  11 mana vipers
  A glowing shapeshifter (Depths:2)
  60 ugly things
  17 salamanders
  5 hornets
  A hornet (shapeshifter) (Vaults:5)
  52 slime creatures
  4 worldbinders
  An elephant (shapeshifter) (Elf:3)
  10 elephants
  10 cyclopes
  A manticore (shapeshifter) (Depths:2)
  36 black mambas
  A manticore (D:13)
  2 orange demons (Abyss:1)
  A moth of wrath (Depths:5)
  30 naga magi
  A salamander (shapeshifter) (Depths:2)
  A guardian serpent (shapeshifter) (Vaults:4)
  An ice statue (IceCv)
  An apocalypse crab (Abyss:1)
  An octopode (shapeshifter) (Depths:2)
  4 smoke demons (Abyss:1)
  A torpor snail (Lair:7)
  A centaur skeleton (D:15)
  9 vault sentinels
  12 guardian serpents
  A rust devil (Abyss:1)
  2 swamp worm zombies (Swamp:4)
  12 small abominations
  A human zombie (Vaults:5)
  6 komodo dragons
  18 spiny frogs
  60 yaktaurs
  2 kobold demonologists
  An efreet (D:14)
  A blue devil (WizLab)
  4 fire drakes
  14 trolls
  A wolf spider simulacrum (IceCv)
  A red devil (WizLab)
  A hellwing (Abyss:1)
  10 deep elf priests
  22 polar bears
  6 tengu conjurers
  34 two-headed ogres
  4 giant leeches
  16 freezing wraiths
  4 ancient zymes
  7 boulder beetles
  A wind drake (WizLab)
  7 raiju
  A boulder beetle (shapeshifter) (Elf:1)
  2 blink frogs (shapeshifter)
  3 alligator zombies (Swamp:4)
  A stone giant simulacrum (Vaults:1)
  18 blink frogs
  2 ettin zombies
  9 bog bodies
  A snapping turtle (shapeshifter) (Depths:2)
  A wind drake (shapeshifter) (Vaults:4)
  2 spectral swamp dragons (Swamp:4)
  A two-headed ogre (shapeshifter) (Vaults:3)
  A tengu simulacrum (Vaults:3)
  5 wyverns
  Sigmund (D:4)
  8 flying skulls (Abyss:1)
  16 redbacks
  9 spriggans
  A hill giant zombie (D:9)
  15 starcursed masses (Abyss:1)
  3 tarantellas (Depths:5)
  51 yaks
  3 chaos spawn (Abyss:1)
  3 ynoxinuls (Abyss:1)
  2 steam dragons
  A shadow (D:15)
  5 golden eyes (Abyss:1)
  10 hippogriffs
  Eustachio (D:5)
  A basilisk (shapeshifter) (Vaults:4)
  6 wraiths
  A water elemental (Depths:1)
  A fire elemental (Depths:3)
  A human (shapeshifter) (Vaults:3)
  11 air elementals
  A vampire (D:14)
  5 mottled dragons
  Grum (Lair:1)
  4 fire bats (D:14)
  5 hungry ghosts
  2 neqoxecs (Abyss:1)
  45 deep elf fighters
  A spriggan (shapeshifter) (Vaults:2)
  3 basilisks
  33 deep elf magi
  27 wolves
  A hippogriff (shapeshifter) (D:15)
  Menkaure (D:7)
  11 wargs
  Edmund (D:5)
  9 spatial vortices
  21 insubstantial wisps
  46 nagas
  A naga (shapeshifter) (Depths:3)
  An elf skeleton (Vaults:5)
  19 swamp worms
  20 vampire mosquitoes
  2 soldier ants
  A yaktaur simulacrum (Vaults:1)
  4 hell hounds
  11 ice beasts
  13 porcupines
  15 water moccasins
  An eye of draining (shapeshifter) (D:15)
  7 phantoms
  A sky beast (D:13)
  20 black bears
  32 orc warriors
  14 wasps
  7 swamp dragon zombies (Swamp:4)
  A necrophage (D:9)
  A black bear (shapeshifter) (Vaults:1)
  An alligator simulacrum (IceCv)
  11 swamp drakes
  24 centaurs
  17 boggarts
  71 ogres
  An anubis guard skeleton (WizLab)
  17 crocodiles
  A gnoll sergeant (D:6)
  26 giant frogs
  A wyvern skeleton (D:13)
  An elephant simulacrum (IceCv)
  4 scorpions
  4 killer bees (D:7)
  2 troll zombies (D:9)
  An electric eel (Lair:4)
  9 wights
  5 crimson imps
  A draconian simulacrum (IceCv)
  5 quasits
  4 iron imps
  22 hounds
  4 jellies
  4 centaur zombies
  A giant frog skeleton (D:6)
  21 orc wizards
  8 iguanas
  28 orc priests
  An iguana (shapeshifter) (Depths:2)
  5 troll simulacra (IceCv)
  2 spectral swamp drakes (Swamp:4)
  9 worker ants
  4 hell rats (Lair:4)
  3 spriggan simulacra (IceCv)
  A polar bear simulacrum (IceCv)
  16 sheep
  5 ogre zombies (D:9)
  3 centaur simulacra
  3 human simulacra
  3 hound skeletons
  8 gnolls (D:6)
  An ogre simulacrum (IceCv)
  61 river rats
  10 adders
  8 naga simulacra (IceCv)
  2 swamp drake zombies (Swamp:4)
  7 shadow imps
  15 white imps
  An ufetubus (Abyss:1)
  An ooze (D:4)
  An adder skeleton (D:9)
  2 adder zombies (D:9)
  6 worms
  166 orcs
  5 giant cockroaches
  11 hobgoblins
  26 jackals
  6 kobolds
  7 quokkas
  A ball python (D:6)
  6 bats
  8 giant geckos
  4 giant newts
  4 goblins
  2 goblin skeletons (D:9)
  A hobgoblin skeleton (D:9)
  2 jackal skeletons
  8 orc skeletons (D:9)
  14 orc zombies (D:9)
  A quokka zombie (D:6)
  7 rats
  3 briar patches
  4 crawling corpses
  An eldritch tentacle segment (WizLab)
  7 fire vortices
  A lurking horror (WizLab)
  A plant (Lair:8)
  2 starspawn tentacles (Abyss:1)
2732 creatures vanquished.

Vanquished Creatures (collateral kills)
  A greater naga (Snake:4)
  A vault guard (Vaults:5)
  A naga warrior (Snake:4)
  4 hydras
  A death yak (Lair:8)
  A deep troll (Vaults:4)
  A torpor snail (Lair:8)
  A spiny frog (Swamp:1)
  2 yaktaurs (Vaults:5)
  2 blink frogs (Swamp:1)
  A giant leech (Swamp:1)
  A bog body (Swamp:1)
  5 slime creatures (Swamp:1)
  An insubstantial wisp (Swamp:1)
  2 ogres
  A hound (Lair:8)
  A plant (Lair:8)
27 creatures vanquished.

Vanquished Creatures (others)
  An eldritch tentacle (WizLab)
  A tengu reaver (Vaults:5)
  A fire giant skeleton (Vaults:5)
  A vault sentinel (Vaults:2)
  A black mamba (Snake:4)
  3 yaktaurs
  A polar bear (Orc:2)
  A water elemental (Depths:2)
  A warg (shapeshifter) (Depths:2)
  A phantom (Swamp:4)
  3 boggarts
  A swamp drake zombie (Swamp:4)
  2 orcs
  3 briar patches
  1726 eldritch tentacle segments
  A fire vortex (Vaults:5)
  11 fungi
  4 lurking horrors
  13 plants
  6 starspawn tentacles
  19 starspawn tentacle segments (Abyss:1)
1801 creatures vanquished.

Grand Total: 4560 creatures vanquished

Notes
Turn   | Place    | Note
--------------------------------------------------------------
     0 | D:1      | oplop the Minotaur Berserker began the quest for the Orb.
     0 | D:1      | Reached XP level 1. HP: 19/19 MP: 0/0
     0 | D:1      | Noticed a human skeleton
     0 | D:1      | Noticed a troll skeleton
     3 | D:1      | Noticed a vine stalker skeleton
    15 | D:1      | Noticed a merfolk skeleton
    15 | D:1      | Noticed an elf skeleton
    17 | D:1      | Noticed a troll skeleton
    19 | D:1      | Noticed a draconian skeleton
    21 | D:1      | Noticed a draconian skeleton
   249 | D:1      | Reached XP level 2. HP: 27/27 MP: 1/1
   305 | D:1      | Reached skill level 4 in Fighting
   870 | D:2      | Reached XP level 3. HP: 26/33 MP: 2/2
   980 | D:2      | Reached ** piety under Trog
  1222 | D:2      | Reached XP level 4. HP: 38/41 MP: 3/3
  1516 | D:3      | Found a blossoming altar of Fedhas.
  1623 | D:3      | Reached XP level 5. HP: 45/47 MP: 4/4
  1748 | D:3      | Reached *** piety under Trog
  1836 | D:3      | Found a bloodstained altar of Trog.
  2046 | D:4      | Found a stormy altar of Qazlal.
  2167 | D:4      | Reached skill level 5 in Fighting
  2217 | D:4      | Noticed Sigmund
  2226 | D:4      | Killed Sigmund
  2226 | D:4      | Reached skill level 5 in Long Blades
  2226 | D:4      | Reached XP level 6. HP: 45/56 MP: 5/5
  2359 | D:4      | Found Luedej's Antique Armour Shop.
  2647 | D:5      | Entered Level 5 of the Dungeon
  2787 | D:5      | Reached XP level 7. HP: 38/62 MP: 6/6
  2928 | D:5      | Found an opulent altar of Gozag.
  2936 | D:5      | Noticed Eustachio
  2952 | D:5      | Killed Eustachio
  2952 | D:5      | Reached skill level 6 in Fighting
  2952 | D:5      | Reached skill level 5 in Armour
  2952 | D:5      | Reached skill level 5 in Dodging
  3054 | D:5      | Reached **** piety under Trog
  3079 | D:5      | Noticed Edmund
  3086 | D:5      | Killed Edmund
  3180 | D:6      | Reached XP level 8. HP: 57/71 MP: 7/7
  3348 | D:6      | Reached skill level 7 in Fighting
  3370 | D:6      | Found Gaivafay's Antique Weapon Boutique.
  3373 | D:6      | Bought a runed scimitar for 104 gold pieces
  3417 | D:6      | Got a scintillating gossamer ring
  4103 | D:7      | Noticed Menkaure
  4108 | D:7      | Killed Menkaure
  4151 | D:7      | Reached ***** piety under Trog
  4215 | D:7      | Reached skill level 8 in Fighting
  4215 | D:7      | Reached XP level 9. HP: 81/81 MP: 8/8
  4225 | D:7      | Found a staircase to the Ecumenical Temple.
  4235 | Temple   | Entered the Ecumenical Temple
  4484 | D:7      | Found a deep blue altar of Sif Muna.
  4538 | D:7      | Received a gift from Trog
  4768 | D:7      | Identified the ring "Zuhaob" {Ice rPois} (You found it on level 6 of the Dungeon)
  5091 | D:8      | Found Woderch's Distillery.
  5097 | D:8      | Bought a potion of curing for 42 gold pieces
  5161 | D:8      | Reached skill level 9 in Fighting
  5237 | D:8      | Reached XP level 10. HP: 24/91 MP: 9/9
  5539 | D:8      | Found Awijude's Weapon Shop.
  5540 | D:8      | Found Tauves's Magic Scroll Shop.
  5552 | D:8      | Bought a scroll of identify for 20 gold pieces
  5552 | D:8      | Bought a scroll of identify for 20 gold pieces
  5552 | D:8      | Bought a scroll of identify for 20 gold pieces
  5774 | D:8      | Found Beaneodgh's Antique Armour Boutique.
  5777 | D:8      | Bought a spiked ring mail for 162 gold pieces
  5787 | D:8      | Identified the +3 ring mail "Qiatyepn" {rC+ rCorr Stlth+} (You bought it in a shop on level 8 of the Dungeon)
  5881 | D:8      | Found Axzux's Gadget Shoppe.
  5993 | D:9      | Found a staircase to the Lair.
  5993 | D:9      | Noticed an elephant
  6007 | D:9      | Killed an elephant
  6069 | D:9      | Found a staircase to the Orcish Mines.
  6081 | D:9      | Reached skill level 10 in Fighting
  6110 | D:9      | Reached skill level 10 in Long Blades
  6198 | D:9      | Found an iron altar of Okawaru.
  6661 | D:9      | Found a glowing golden altar of the Shining One.
  6662 | D:9      | Found a white marble altar of Elyvilon.
  6662 | D:9      | Found a sparkling altar of Nemelex Xobeh.
  6664 | D:9      | Found a burning altar of Makhleb.
  6665 | D:9      | Found a blossoming altar of Fedhas.
  6666 | D:9      | Found a basalt altar of Yredelemnul.
  6749 | D:9      | Found a snail-covered altar of Cheibriados.
  6888 | D:9      | You fall through a shaft for 3 floors!
  6888 | D:12     | Noticed a centaur warrior
  6905 | D:12     | Killed a centaur warrior
  6905 | D:12     | Reached skill level 10 in Armour
  7187 | D:12     | Reached XP level 11. HP: 101/101 MP: 10/10
  7201 | D:12     | Reached skill level 11 in Fighting
  7542 | D:12     | Noticed a hill giant
  7548 | D:12     | Killed a hill giant
  7616 | D:12     | Reached skill level 10 in Dodging
  7714 | D:12     | Noticed a six-headed hydra
  7793 | D:10     | Entered Level 10 of the Dungeon
  7949 | D:10     | Noticed a hill giant
  7962 | D:10     | Killed a hill giant
  8217 | D:10     | Noticed Nergalle
  8229 | D:10     | Killed Nergalle
  8298 | D:10     | Noticed a hill giant
  8309 | D:10     | Killed a hill giant
  8382 | D:10     | Noticed Fannar
  8399 | D:10     | Killed Fannar
  8593 | D:6      | Bought a glowing falchion for 78 gold pieces
  8594 | D:6      | Bought a runed falchion for 78 gold pieces
  8772 | D:11     | Received a gift from Trog
  8789 | D:11     | Noticed a hill giant
  8796 | D:11     | Killed a hill giant
  8853 | D:11     | Reached skill level 12 in Fighting
  8964 | D:11     | Noticed a hill giant
  9130 | D:11     | Killed a hill giant
  9459 | D:11     | Killed an unseen horror
  9572 | D:12     | Reached XP level 12. HP: 58/112 MP: 11/11
 10041 | Lair:1   | Entered Level 1 of the Lair of Beasts
 10274 | Lair:1   | Noticed Grum
 10280 | Lair:1   | Reached skill level 1 in Throwing
 10290 | Lair:1   | Killed Grum
 10540 | Lair:1   | Noticed a six-headed hydra
 10550 | Lair:1   | Killed a seven-headed hydra
 10684 | Lair:1   | Found a shimmering altar of Xom.
 11091 | Lair:2   | Noticed Harold
 11103 | Lair:2   | Killed Harold
 11103 | Lair:2   | Reached skill level 13 in Fighting
 11364 | Lair:2   | Received a gift from Trog
 11369 | Lair:2   | Got an encrusted great sword {god gift}
 11372 | Lair:2   | Identified the +10 great sword of Trog's Supremacy {slice, Str+6} (Trog gifted it to you on level 2 of the Lair of Beasts)
 11406 | Lair:2   | Noticed Urug
 11416 | Lair:2   | Killed Urug
 12046 | Lair:3   | Gained mutation: You have large cloven feet. [potion of beneficial mutation]
 12248 | Lair:3   | Reached XP level 13. HP: 99/122 MP: 12/12
 12415 | Lair:4   | Noticed Maud
 12583 | Lair:4   | Reached skill level 5 in Throwing
 12728 | Lair:4   | Received a gift from Trog
 12765 | Lair:4   | Killed Maud
 13374 | Lair:5   | Received a gift from Trog
 13533 | Lair:5   | Found a staircase to the Swamp.
 13739 | Lair:5   | Received a gift from Trog
 13878 | Lair:5   | Reached skill level 14 in Long Blades
 14221 | Lair:6   | Found a staircase to the Snake Pit.
 14223 | Lair:6   | Found a staircase to the Slime Pits.
 14223 | Lair:6   | Found a viscous altar of Jiyva.
 14530 | Lair:6   | Got a translucent ring mail
 14541 | Lair:6   | Identified the +2 ring mail "Rit Xoich" {rF+ rC+ rN+ Dex-4} (You found it on level 6 of the Lair of Beasts)
 15599 | Lair:7   | Reached XP level 14. HP: 133/133 MP: 13/13
 15602 | Lair:7   | Received a gift from Trog
 15910 | Lair:8   | Entered Level 8 of the Lair of Beasts
 16475 | Lair:8   | Reached skill level 15 in Fighting
 16564 | Lair:8   | Received a gift from Trog
 16570 | Lair:8   | Reached skill level 15 in Long Blades
 16705 | Lair:8   | Received a gift from Trog
 16768 | Lair:8   | Got a smoking turquoise ring
 16770 | Lair:8   | Identified the ring of the Lonely Songs {*Confuse +Inv Int+7 SInv} (You found it on level 8 of the Lair of Beasts)
 17036 | Lair:8   | Reached skill level 1 in Evocations
 17050 | Lair:8   | Received a gift from Trog
 17446 | Orc:1    | Entered Level 1 of the Orcish Mines
 17452 | Orc:1    | Received a gift from Trog
 17797 | Orc:2    | Found a frozen archway.
 17836 | IceCv    | Entered an ice cave
 18153 | IceCv    | Found an ancient bone altar of Kikubaaqudgha.
 18999 | Orc:2    | Received a gift from Trog
 19025 | Orc:3    | Noticed Josephine
 19039 | Orc:3    | Killed Josephine
 19131 | Orc:3    | Found Qowiedo's Book Shop.
 19162 | Orc:3    | Reached XP level 15. HP: 128/143 MP: 16/16
 19224 | Orc:3    | Found a roughly hewn altar of Beogh.
 19317 | Orc:3    | Found a roughly hewn altar of Beogh.
 19348 | Orc:3    | Noticed Snorg
 19356 | Orc:3    | Killed Snorg
 19498 | Orc:3    | You fall through a shaft!
 19498 | Orc:4    | Entered Level 4 of the Orcish Mines
 19607 | Orc:4    | Noticed Saint Roka
 19626 | Orc:4    | Noticed Donald
 19653 | Orc:4    | HP: 4/143 [Donald/long sword of electrocution (16)]
 19657 | Orc:4    | Killed Donald
 19767 | Orc:3    | Reached ****** piety under Trog
 19871 | Orc:3    | Received a gift from Trog
 19878 | Orc:3    | Got a faintly glowing great sword {god gift}
 19879 | Orc:3    | Identified the +7 great sword "Zuchephi" {freeze, Str+3} (Trog gifted it to you on level 3 of the Orcish Mines)
 20070 | Orc:4    | Reached skill level 16 in Fighting
 20099 | Orc:4    | Noticed Rupert
 20113 | Orc:4    | Killed Rupert
 20113 | Orc:4    | Reached skill level 15 in Dodging
 20132 | Orc:4    | Found a staircase to the Elven Halls.
 20233 | Orc:4    | Found Puopazaxt's Armour Emporium.
 20407 | Orc:4    | Found Ahisi's Armour Shoppe.
 20408 | Orc:4    | Found Miaff's Antique Weapon Shop.
 20490 | Orc:4    | Found Rythrut's Armour Shoppe.
 20501 | Orc:4    | Bought a +0 pair of gloves of strength for 138 gold pieces
 20587 | Orc:4    | Killed Saint Roka
 20587 | Orc:4    | Reached skill level 5 in Evocations
 21270 | D:13     | Noticed a vault guard
 21270 | D:13     | Noticed a vault guard
 21271 | D:13     | Found a gate to the Vaults.
 21271 | D:13     | Noticed a vault guard
 21272 | D:13     | Noticed a vault guard
 21272 | D:13     | Noticed a vault guard
 21274 | D:13     | Noticed a vault guard
 21276 | D:13     | Noticed a vault guard
 21277 | D:13     | Noticed a vault guard
 21280 | D:13     | Killed a vault guard
 21284 | D:13     | Killed a vault guard
 21288 | D:13     | Killed a vault guard
 21291 | D:13     | Killed a vault guard
 21297 | D:13     | Killed a vault guard
 21305 | D:13     | Killed a vault guard
 21311 | D:13     | Killed a vault guard
 21317 | D:13     | Killed a vault guard
 21592 | D:13     | Noticed Sonja
 21617 | D:13     | Killed Sonja
 21617 | D:13     | Received a gift from Trog
 21893 | D:13     | Found a blossoming altar of Fedhas.
 22483 | D:14     | Reached XP level 16. HP: 152/154 MP: 19/19
 22672 | D:15     | Entered Level 15 of the Dungeon
 22695 | D:15     | Received a gift from Trog
 22718 | D:15     | Gained mutation: You have hoof-like feet. [potion of beneficial mutation]
 22719 | D:15     | Gained mutation: You have sharp fingernails. [potion of beneficial mutation]
 22720 | D:15     | Gained mutation: Your mind is acute. (Int +2) [potion of beneficial mutation]
 22768 | D:15     | Reached skill level 17 in Fighting
 23573 | D:15     | Found a staircase to the Depths.
 23868 | Elf:1    | Entered Level 1 of the Elven Halls
 23868 | Elf:1    | Found Piampy's General Store.
 23902 | Elf:1    | Bought a scroll of magic mapping for 52 gold pieces
 23902 | Elf:1    | Bought a scroll of magic mapping for 52 gold pieces
 23902 | Elf:1    | Bought a scroll of blinking for 112 gold pieces
 23902 | Elf:1    | Bought a scroll of teleportation for 45 gold pieces
 23902 | Elf:1    | Bought 2 scrolls of enchant weapon for 225 gold pieces
 24479 | Elf:1    | Received a gift from Trog
 24485 | Elf:1    | Noticed Nikola
 24495 | Elf:1    | Killed Nikola
 24555 | Elf:1    | Identified the Reference Book on Arcane Weapons
 24572 | Elf:1    | Found a radiant altar of Vehumet.
 24638 | Elf:1    | HP: 7/157 [something (8)]
 25019 | D:8      | Bought a crude plate armour for 504 gold pieces
 25029 | D:8      | Identified the +7 plate armour "Moroaxutie" {rF+ Regen+ Int+2} (You bought it in a shop on level 8 of the Dungeon)
 25373 | D:15     | Got a fine great sword {god gift}
 25375 | D:15     | Identified the +3 great sword of Dishonour {freeze, MR+ Str+3} (Trog gifted it to you on level 15 of the Dungeon)
 25748 | Swamp:1  | Entered Level 1 of the Swamp
 25788 | Swamp:1  | Received a gift from Trog
 26055 | Swamp:1  | Reached skill level 18 in Fighting
 26119 | Swamp:1  | You fall through a shaft!
 26545 | Swamp:2  | Reached XP level 17. HP: 137/163 MP: 21/21
 27627 | Swamp:4  | Entered Level 4 of the Swamp
 27686 | Swamp:4  | Received a gift from Trog
 28322 | Swamp:4  | Noticed a bone dragon
 28613 | Swamp:4  | Killed a bone dragon
 28656 | Swamp:4  | Got a decaying rune of Zot
 29158 | Snake:1  | Entered Level 1 of the Snake Pit
 29162 | Snake:1  | Received a gift from Trog
 29192 | Snake:1  | Got a bloodstained great sword {god gift}
 29193 | Snake:1  | Identified the +12 great sword of Ziockeni {slice, *Noise Str+6} (Trog gifted it to you on level 1 of the Snake Pit)
 29641 | Snake:1  | Reached skill level 19 in Fighting
 30225 | Snake:2  | Noticed Jorgrun
 30233 | Snake:2  | Killed Jorgrun
 30233 | Snake:2  | Reached skill level 15 in Armour
 30288 | Snake:2  | Received a gift from Trog
 30951 | Snake:3  | Reached XP level 18. HP: 173/173 MP: 22/22
 31140 | Snake:3  | Received a gift from Trog
 31147 | Snake:3  | Got an ichor-stained great sword {god gift}
 31148 | Snake:3  | Identified the +3 great sword of Fortitude {slice, *Noise *Confuse rC+ Int+4} (Trog gifted it to you on level 3 of the Snake Pit)
 31422 | Snake:3  | Reached skill level 10 in Throwing
 31439 | Snake:3  | Found a glowing golden altar of the Shining One.
 31706 | Snake:3  | Got a glittering crystal amulet
 31798 | Snake:3  | Identified the amulet of Liberalism {Faith rElec} (You took it off a naga mage on level 3 of the Snake Pit)
 31984 | Snake:4  | Entered Level 4 of the Snake Pit
 32076 | Snake:4  | Received a gift from Trog
 32653 | Snake:4  | Reached skill level 20 in Long Blades
 32751 | Snake:4  | Received a gift from Trog
 32803 | Snake:4  | Received a gift from Trog
 32907 | Snake:4  | Received a gift from Trog
 33009 | Snake:4  | Received a gift from Trog
 33147 | Snake:4  | HP: 5/176 [black mamba (8)]
 33159 | Snake:4  | Reached XP level 19. HP: 43/182 MP: 23/23
 33386 | Snake:4  | Got a serpentine rune of Zot
 34166 | Elf:1    | Noticed Roxanne
 34176 | Elf:1    | Killed Roxanne
 34524 | Elf:2    | Found a deep blue altar of Sif Muna.
 34638 | Elf:2    | Received a gift from Trog
 34821 | Elf:2    | Found Reacluwn's Antique Armour Shoppe.
 34833 | Elf:2    | Bought an opal-encrusted plate armour for 924 gold pieces
 34846 | Elf:2    | Identified the cursed +0 plate armour "Vuasedgh" {Str+3} (You bought it in a shop on level 2 of the Elven Halls)
 34897 | Elf:2    | Found a huge runed gate.
 34897 | Elf:2    | Found a huge runed gate.
 34897 | Elf:2    | Found a huge runed gate.
 34897 | Elf:2    | Found a huge runed gate.
 34897 | Elf:2    | Found a huge runed gate.
 35065 | Elf:2    | Noticed Aizul
 35074 | Elf:2    | Killed Aizul
 35174 | Elf:2    | Received a gift from Trog
 35727 | Elf:2    | Reached skill level 21 in Long Blades
 35855 | Elf:3    | Entered Level 3 of the Elven Halls
 35855 | Elf:3    | Found Wicommor's Food Shoppe.
 36218 | Elf:3    | Received a gift from Trog
 36258 | Elf:3    | Cast into the Abyss (a deep elf demonologist)
 36412 | Abyss:1  | Found a stormy altar of Qazlal.
 37496 | Elf:3    | Escaped the Abyss
 37499 | Elf:3    | Received a gift from Trog
 37499 | Elf:3    | Reached XP level 20. HP: 118/171 MP: 24/24
 37695 | Elf:3    | Received a gift from Trog
 37700 | Elf:3    | Got a pitted double sword {god gift}
 37701 | Elf:3    | Identified the +4 double sword "Weid" {freeze, +Inv} (Trog gifted it to you on level 3 of the Elven Halls)
 37913 | Elf:3    | Identified the Guide on Flames
 37948 | Elf:3    | Identified the Compendium of Curses
 38122 | Elf:3    | Received a gift from Trog
 38482 | Elf:3    | Reached skill level 22 in Long Blades
 38721 | Vaults:1 | Entered Level 1 of the Vaults
 38990 | Vaults:1 | Received a gift from Trog
 39205 | Vaults:1 | You fall through a shaft!
 39477 | Vaults:2 | Found a staircase to the Crypt.
 39558 | Vaults:2 | Received a gift from Trog
 39699 | Vaults:2 | Noticed Jory
 39712 | Vaults:2 | Killed Jory
 39769 | Vaults:2 | Noticed Asterion
 39779 | Vaults:2 | Killed Asterion
 39885 | Vaults:2 | Received a gift from Trog
 40518 | Vaults:1 | Reached XP level 21. HP: 196/198 MP: 27/27
 40586 | Vaults:1 | Received a gift from Trog
 40769 | Vaults:1 | Reached skill level 10 in Evocations
 40773 | Vaults:1 | Received a gift from Trog
 40805 | Vaults:1 | Found Tirreuwa's Gadget Shop.
 40811 | Vaults:1 | Bought a wand of hasting (5) for 864 gold pieces
 41363 | Temple   | Fell from the grace of Trog
 41363 | Temple   | Became a worshipper of Qazlal Stormbringer
 41704 | Vaults:3 | Reached * piety under Qazlal
 41875 | Vaults:3 | Reached ** piety under Qazlal
 41908 | Vaults:3 | Reached skill level 23 in Long Blades
 41958 | Vaults:3 | Found a portal to a secret trove of treasure.
 42270 | Vaults:3 | Reached skill level 1 in Invocations
 42387 | Vaults:3 | Reached *** piety under Qazlal
 43193 | Vaults:4 | Reached **** piety under Qazlal
 43949 | Vaults:4 | Reached ***** piety under Qazlal
 44181 | Vaults:4 | Reached skill level 5 in Invocations
 44373 | Vaults:5 | Entered Level 5 of the Vaults
 44373 | Vaults:5 | Noticed Wiglaf
 44460 | Vaults:5 | Killed Wiglaf
 44460 | Vaults:5 | Reached XP level 22. HP: 107/205 MP: 24/28
 44622 | Vaults:5 | Reached skill level 24 in Long Blades
 44715 | Vaults:5 | Noticed Mara
 44723 | Vaults:5 | Noticed oplop's illusion
 44855 | Vaults:5 | Reached ****** piety under Qazlal
 45684 | Vaults:5 | Noticed oplop's illusion
 45736 | Vaults:4 | Upgraded the game from 0.17.0-26-gececa24 to 0.17.0-27-g4a3f43e
 46166 | Vaults:4 | HP: 8/205 [stone giant[the rage of Trog] (3)]
 46177 | Vaults:4 | HP: 9/205 [deep troll[the rage of Trog] (9)]
 46378 | Vaults:4 | Reached XP level 23. HP: 124/213 MP: 29/29
 46734 | Vaults:5 | Noticed oplop's illusion
 47496 | Vaults:5 | Noticed oplop's illusion
 47750 | Vaults:5 | Noticed oplop's illusion
 47875 | Vaults:5 | Noticed oplop's illusion
 47879 | Vaults:5 | Killed Mara
 47918 | Vaults:5 | Got an ancient brass ring
 48028 | Vaults:5 | Identified the ring of Wiumekk {Fire SInv} (You found it on level 5 of the Vaults)
 48196 | Vaults:5 | Identified Wef Quac's Tome of Arcane Weapons and Ignition
 48541 | Vaults:5 | Identified a +2 pair of boots of running (You found it on level 5 of the Vaults)
 48651 | Vaults:5 | Got a silver rune of Zot
 49252 | Depths:1 | Entered Level 1 of the Depths
 49253 | Depths:1 | Found a gateway to Hell.
 49647 | Depths:1 | Noticed Vidiiot's ghost (adept FoAE)
 49657 | Depths:1 | Killed Vidiiot's ghost
 49804 | Depths:1 | Found a one-way gate leading to the halls of Pandemonium.
 50123 | Depths:1 | Was forgiven by Trog
 50345 | Depths:2 | Found a magical portal.
 50351 | WizLab   | Entered The Roulette of Golubria
 50353 | WizLab   | Found a corrupted altar of Lugonu.
 50650 | WizLab   | Found a corrupted altar of Lugonu.
 50886 | WizLab   | Identified the Grimoire of Orientation
 50993 | WizLab   | Got a bloodstained cloak
 50999 | WizLab   | Identified the +0 cloak of Jumog {*Confuse +Blink Regen+ Str+5} (You found it in a wizard's laboratory)
 51245 | Depths:2 | HP: 10/220 [octopode crusher/iron shot (20)]
 51251 | Depths:2 | HP: 7/220 [fire dragon/blast of flame (5)]
 51453 | Depths:1 | Reached XP level 24. HP: 94/228 MP: 29/29
 51738 | Depths:2 | Reached skill level 10 in Invocations
 51982 | Depths:2 | Noticed a juggernaut
 51992 | Depths:2 | Killed a juggernaut
 52579 | Depths:2 | Identified Vot Rox's Grimoire of Conjuration and Flight
 53065 | Depths:2 | Identified the Catalogue of Bewitchment and Stolen Souls
 54588 | Depths:3 | Found a gateway to a ziggurat.
 54643 | Depths:3 | Found a white marble altar of Elyvilon.
 55136 | Depths:4 | Noticed Xtahua
 55142 | Depths:4 | Killed Xtahua
 55162 | Depths:4 | Reached XP level 25. HP: 176/243 MP: 25/32
 55679 | Depths:4 | Found a one-way gate to the infinite horrors of the Abyss.
 55738 | Depths:4 | Paralysed by something for 6 turns
 55988 | Depths:4 | Identified the Grimoire of Contamination and the Birds
 56039 | Depths:4 | Identified the Papyrus of Calling and the Oath (You found it on level 4 of the Depths)
 56151 | Depths:4 | Found Ejan's Food Shoppe.
 56305 | Depths:5 | Entered Level 5 of the Depths
 56335 | Depths:5 | Reached skill level 15 in Invocations
 56795 | Depths:5 | Found a glowing golden altar of the Shining One.
 56901 | Depths:5 | Found a radiant altar of Vehumet.
 57276 | Depths:5 | Found a gate to the Realm of Zot.
 57759 | Zot:1    | Entered Level 1 of the Realm of Zot
 58384 | Depths:5 | Reached skill level 25 in Fighting
 58789 | Zot:1    | Noticed an ancient lich
 58804 | Depths:5 | HP: 10/249 [death cob (16)]
 58804 | Depths:5 | Killed from afar by a fire dragon

Action                   |  1- 3 |  4- 6 |  7- 9 | 10-12 | 13-15 | 16-18 | 19-21 | 22-24 | 25-27 || total
-------------------------+-------+-------+-------+-------+-------+-------+-------+-------+-------++-------
Melee: Falchion          |    83 |   148 |    87 |   285 |       |       |       |       |       ||   603
       Scimitar          |       |       |   151 |   324 |       |       |       |       |       ||   475
       Great sword       |       |       |       |    81 |  1124 |  1296 |  1612 |   742 |       ||  4855
       Triple sword      |       |       |       |       |       |       |       |   870 |   414 ||  1284
Throw: Tomahawk          |       |       |     4 |     1 |       |       |       |       |       ||     5
       Javelin           |       |       |       |     4 |    36 |    64 |    38 |    56 |       ||   198
Invok: Berserk           |       |     3 |     8 |    18 |    15 |     5 |     2 |       |       ||    51
       Trog's Hand       |       |       |     2 |     2 |    13 |    12 |     6 |       |       ||    35
       Brothers in Arms  |       |       |       |     1 |     3 |     2 |       |       |       ||     6
       Upheaval          |       |       |       |       |       |       |     2 |       |       ||     2
       Disaster Area     |       |       |       |       |       |       |     1 |     7 |     4 ||    12
       Elemental Force   |       |       |       |       |       |       |       |     2 |       ||     2
Evoke: Wand              |       |       |       |       |     3 |    12 |     2 |     3 |       ||    20
       Stone of tremors  |       |       |       |       |       |       |     3 |       |       ||     3
       Box of beasts     |       |       |       |       |       |       |     1 |       |     1 ||     2
       Disc of storms    |       |       |       |       |       |       |       |       |     1 ||     1
  Use: Scroll            |       |     7 |     1 |    22 |    10 |    16 |     6 |    23 |     5 ||    90
       Potion            |       |       |       |     1 |     2 |     9 |     2 |     9 |       ||    23
 Stab: Sleeping          |       |       |     1 |    10 |     7 |     3 |       |       |       ||    21
       Distracted        |       |       |       |       |     2 |     2 |       |       |       ||     4
       Confused          |       |       |       |       |     1 |       |       |       |       ||     1
       Invisible         |       |       |       |       |       |       |     2 |       |       ||     2
  Eat: Chunk             |       |     9 |    12 |    32 |    24 |     6 |    14 |     3 |     3 ||   103
       Fruit             |       |       |     6 |       |     9 |    10 |       |     7 |       ||    32
       Beef jerky        |       |       |       |     3 |     3 |     1 |     2 |     2 |     1 ||    12
       Royal jelly       |       |       |       |     2 |       |    11 |     3 |     4 |     2 ||    22
       Pizza             |       |       |       |     1 |     2 |       |     3 |       |     2 ||     8
       Meat ration       |       |       |       |     1 |     3 |     1 |     3 |     3 |     2 ||    13
